Map: Romanticide LE

Players

黑羽快斗 (ButAlways) - Winner!

  • Race: Protoss Protoss
  • League: Master

Rex

  • Race: Zerg Zerg
  • League: Grandmaster

Event: DreamHack SC2 Masters 2021 Summer

VOD

Have the link to the VOD?

Description

Time

  • Played on: May 22, 2021, 7:52 a.m.
  • Length: 17:31

All games in this series

Show
View Real Time Build Order
Export as new Build Order

黑羽快斗 Protoss - Winner!

Build Orders: 1 Gate Expand, Carriers 

Get SALT Encoding   

  12  0:00  Probe  
  13  0:12  Probe  
  14  0:20  Pylon  
  14  0:24  Probe  
  15  0:38  Probe (Chrono Boost)  
  15  0:39  Gateway  
  16  0:47  Probe (Chrono Boost)  
  17  0:52  Probe, Assimilator  
  18  1:04  Probe  
  19  1:12  Gateway  
  19  1:24  Nexus  
  19  1:34  Cybernetics Core  
  19  1:37  Probe  
  20  1:43  Assimilator  
  20  1:49  Probe  
  20  1:53  Pylon  
  21  2:01  Probe  
  22  2:08  Adept (Chrono Boost)  
  22  2:13  Probe  
  25  2:21  Stargate  
  25  2:25  Probe  
  26  2:30  Adept (Chrono Boost)  
  26  2:37  Probe (Chrono Boost)  
  29  2:42  Probe (Chrono Boost)  
  30  2:47  Probe (Chrono Boost)  
  30  2:49  Warp Gate  
  30  2:51  Probe (Chrono Boost)  
  32  2:52  Probe (Chrono Boost)  
  32  2:53  Adept  
  35  2:59  Void Ray (Chrono Boost)  
  35  3:01  Probe  
  35  3:03  Probe  
  41  3:13  Probe  
  41  3:15  Probe  
  41  3:19  Pylon  
  43  3:25  Probe  
  42  3:28  Probe  
  42  3:33  Gateway  
  43  3:34  Void Ray  
  43  3:38  Probe  
  43  3:40  Probe  
  47  3:50  Probe  
  47  3:53  Probe  
  49  4:00  Nexus  
  49  4:02  Probe  
  50  4:04  Pylon  
  50  4:08  Probe (Chrono Boost)  
  51  4:14  Probe (Chrono Boost)  
  51  4:16  Void Ray  
  52  4:19  Pylon  
  52  4:22  Probe (Chrono Boost)  
  58  4:24  Probe (Chrono Boost), Assimilator  
  58  4:28  Assimilator  
  58  4:30  Probe (Chrono Boost)  
  60  4:32  Probe (Chrono Boost)  
  60  4:35  Probe (Chrono Boost)  
  60  4:38  Pylon  
  61  4:40  Adept x2  
  61  4:41  Probe  
  66  4:49  Probe  
  67  4:54  Probe  
  67  5:01  Probe  
  67  5:06  Probe, Stargate  
  69  5:07  Stargate  
  69  5:10  Adept x2  
  69  5:13  Probe x2  
  70  5:18  Probe (Chrono Boost)  
  69  5:30  Probe x2 (Chrono Boost)  
  69  5:31  Probe (Chrono Boost)  
  70  5:37  Probe (Chrono Boost)  
  70  5:39  Probe x2 (Chrono Boost)  
  70  5:40  Void Ray  
  73  5:45  Probe  
  73  5:49  Probe  
  79  5:50  Probe  
  79  5:51  Assimilator  
  79  5:52  Assimilator  
  81  5:57  Probe  
  81  5:58  Void Ray  
  81  6:01  Probe  
  81  6:02  Probe  
  87  6:06  Void Ray  
  87  6:08  Protoss Air Weapons Level 1  
  87  6:09  Probe  
  84  6:13  Probe  
  84  6:14  Probe  
  84  6:21  Probe  
  84  6:23  Shield Battery  
  84  6:24  Shield Battery  
  86  6:25  Probe  
  86  6:26  Probe, Sentry x2  
  86  6:27  Pylon  
  91  6:33  Probe  
  91  6:37  Probe  
  91  6:39  Void Ray (Chrono Boost)  
  93  6:42  Pylon  
  93  6:45  Probe  
  93  6:47  Pylon  
  98  6:51  Probe  
  98  6:52  Probe  
  98  6:54  Void Ray x2 (Chrono Boost)  
  108  7:08  Shield Battery  
  108  7:10  Shield Battery  
  108  7:13  Void Ray (Chrono Boost)  
  108  7:16  Fleet Beacon  
  108  7:20  Adept  
  108  7:22  Pylon  
  114  7:28  Adept  
  123  7:47  Pylon  
  123  7:50  Forge  
  123  7:53  Pylon  
  123  8:00  Nexus, Sentry  
  123  8:01  Tempest x3 (Chrono Boost)  
  123  8:03  Shield Battery x2  
  123  8:05  Shield Battery  
  124  8:11  Pylon  
  124  8:17  Pylon  
  124  8:24  Flux Vanes  
  124  8:34  Adept  
  124  8:35  Adept  
  124  8:39  Tempest x3  
  143  8:49  Probe x2  
  143  8:50  Probe  
  143  8:54  Pylon  
  146  8:57  Pylon  
  146  8:58  Pylon  
  146  8:59  Pylon  
  140  9:03  Sentry  
  140  9:04  Sentry  
  136  9:20  Void Ray (Chrono Boost)  
  136  9:22  Tempest x2 (Chrono Boost)  
  146  9:37  Assimilator  
  140  9:41  Assimilator  
  140  9:43  Pylon x2  
  140  9:44  Adept x2  
  144  10:02  Carrier (Chrono Boost)  
  144  10:07  Tempest (Chrono Boost)  
  151  10:16  Nexus  
  151  10:19  Carrier (Chrono Boost)  
  157  10:21  Pylon  
  157  10:22  Adept x2  
  157  10:23  Pylon  
  161  10:41  Carrier (Chrono Boost)  
  167  10:53  Probe x2  
  167  10:54  Probe  
  167  10:56  Adept x2  
  172  10:57  Shield Battery  
  172  11:01  Carrier (Chrono Boost)  
  172  11:03  Nexus  
  178  11:05  Probe  
  179  11:17  Adept x2  
  183  11:18  Shield Battery  
  183  11:22  Protoss Air Weapons Level 2 (Chrono Boost)  
  183  11:23  Carrier (Chrono Boost), Shield Battery  
  183  11:24  Pylon  
  189  11:40  Oracle (Chrono Boost)  
  189  11:42  Robotics Facility  
  189  11:46  Pylon  
  192  11:49  Probe  
  192  11:50  Probe x2  
  192  11:53  Photon Cannon  
  195  11:55  Shield Battery  
  195  11:57  Photon Cannon  
  195  11:58  Protoss Shields Level 1  
  195  12:18  Stargate  
  195  12:22  Stargate  
  195  12:43  Observer (Chrono Boost)  
  196  12:45  Carrier x2 (Chrono Boost)  
  196  12:48  Carrier (Chrono Boost)  
  194  12:55  Observer (Chrono Boost)  
  197  13:16  Carrier (Chrono Boost)  
  197  13:18  Observer  
  197  13:19  Probe x2  
  199  13:25  Twilight Council  
  199  13:26  Gateway  
  199  13:28  Gateway, Nexus  
  199  13:31  Gateway  
  199  13:40  Photon Cannon  
  199  13:41  Photon Cannon  
  193  14:01  Carrier x2  
  199  14:03  Protoss Air Weapons Level 3 (Chrono Boost)  
  199  14:09  Templar Archives  
  199  14:12  Robotics Bay  
  199  14:16  Robotics Facility  
  199  14:25  Pylon, Protoss Shields Level 2 (Chrono Boost)  
  199  14:30  Assimilator  
  199  14:33  Pylon  
  199  14:34  Pylon  
  189  14:48  Assimilator  
  189  14:49  Carrier x2 (Chrono Boost)  
  196  14:55  Psionic Storm, Sentry  
  196  14:59  Photon Cannon x2, Carrier (Chrono Boost)  
  197  15:09  Photon Cannon  
  197  15:18  High Templar  
  199  15:24  Nexus  
  199  15:25  Pylon  
  199  15:32  High Templar  
  200  15:42  High Templar  
  200  15:48  High Templar  
  196  16:11  High Templar x2  
  200  16:22  Pylon  
  194  16:50  Archon  
  194  16:52  High Templar  
  200  16:55  Archon  
Show
View Real Time Build Order
Export as new Build Order

Rex Zerg 

Build Orders: Hatch First 

Get SALT Encoding   

  12  0:00  Drone  
  13  0:14  Overlord  
  13  0:18  Drone  
  14  0:33  Drone x2  
  16  0:52  Hatchery, Drone  
  16  0:55  Drone  
  17  0:59  Drone  
  18  1:09  Extractor  
  17  1:14  Spawning Pool  
  17  1:17  Drone  
  17  1:21  Drone  
  18  1:30  Drone  
  19  1:41  Drone  
  20  1:51  Overlord  
  20  2:02  Queen  
  20  2:04  Queen  
  20  2:05  Zergling x4  
  26  2:12  Metabolic Boost  
  26  2:14  Drone x2  
  28  2:24  Drone  
  28  2:25  Drone  
  30  2:38  Hatchery  
  30  2:41  Queen  
  31  2:48  Drone  
  31  2:49  Drone  
  33  2:52  Overlord  
  33  2:53  Drone  
  34  3:01  Drone  
  35  3:10  Drone  
  35  3:11  Drone  
  35  3:12  Drone x5  
  42  3:23  Zergling x4  
  41  3:31  Overlord  
  41  3:34  Overlord  
  41  3:35  Drone x2  
  43  3:41  Overlord  
  43  3:44  Overlord  
  43  3:45  Overlord  
  43  3:49  Queen  
  43  3:53  Pneumatized Carapace  
  45  3:56  Spore Crawler  
  45  3:57  Drone x2  
  45  4:02  Drone x2  
  48  4:03  Drone  
  48  4:04  Drone  
  48  4:07  Drone x2  
  52  4:12  Queen  
  52  4:16  Drone  
  55  4:18  Drone  
  55  4:19  Spore Crawler  
  55  4:20  Drone  
  56  4:25  Drone x3  
  56  4:26  Drone  
  56  4:30  Drone  
  61  4:35  Roach Warren  
  61  4:36  Drone x2  
  62  4:41  Lair  
  62  4:42  Extractor  
  61  4:51  Drone x2  
  62  4:59  Drone x5  
  66  5:02  Drone x8  
  74  5:10  Drone  
  76  5:14  Drone x2  
  77  5:21  Extractor  
  77  5:22  Extractor  
  77  5:25  Overlord  
  77  5:26  Extractor, Overlord  
  74  5:30  Extractor, Overlord  
  74  5:32  Overlord  
  74  5:35  Overlord  
  73  5:36  Overlord x2  
  73  5:37  Overlord  
  73  5:38  Zergling x2  
  73  5:42  Queen x2, Overlord  
  73  5:44  Zergling x6  
  73  5:47  Hydralisk Den  
  79  5:50  Zergling x4  
  77  6:04  Drone x8  
  77  6:06  Drone  
  77  6:10  Drone  
  77  6:11  Drone x2  
  83  6:12  Drone  
  83  6:32  Nydus Network  
  82  6:39  Grooved Spines  
  82  6:40  Queen x3  
  88  6:47  Hatchery  
  88  6:48  Drone x3  
  90  7:02  Hydralisk x7  
  103  7:09  Overlord  
  103  7:11  Hydralisk  
  103  7:12  Hydralisk x3  
  111  7:23  Hydralisk  
  112  7:33  Hydralisk x3  
  112  7:34  Hydralisk x5  
  112  7:35  Overlord  
  126  7:42  Hydralisk x3  
  126  7:43  Overlord  
  131  7:48  Hydralisk x2  
  131  7:50  Hydralisk  
  137  7:52  Overlord  
  137  8:01  Hydralisk x4  
  145  8:07  Overseer  
  143  8:13  Nydus Canal  
  143  8:14  Hydralisk, Roach  
  143  8:17  Hydralisk x4  
  149  8:20  Hydralisk  
  149  8:21  Hydralisk  
  145  8:42  Hydralisk x9  
  163  8:53  Nydus Canal  
  163  8:57  Hydralisk x3  
  163  9:00  Hydralisk  
  169  9:07  Hydralisk x2  
  169  9:12  Nydus Canal  
  157  9:28  Nydus Canal  
  157  9:29  Hydralisk x3  
  153  9:40  Hydralisk x5  
  153  9:45  Queen x3  
  159  9:46  Queen  
  151  9:54  Nydus Canal  
  143  10:01  Hydralisk x6  
  143  10:05  Drone  
  143  10:06  Drone x6  
  154  10:16  Nydus Canal  
  154  10:19  Drone x4  
  154  10:20  Evolution Chamber  
  155  10:21  Infestation Pit  
  155  10:24  Drone  
  153  10:31  Drone x3  
  153  10:32  Muscular Augments  
  148  10:40  Hydralisk  
  148  10:41  Hydralisk x3  
  148  10:44  Hydralisk  
  148  10:45  Hydralisk  
  148  10:48  Hydralisk  
  150  10:57  Hydralisk x3  
  150  11:00  Drone x4  
  150  11:01  Extractor x2  
  158  11:04  Hydralisk x4  
  158  11:09  Hatchery  
  158  11:10  Zerg Missile Weapons Level 1  
  165  11:14  Hydralisk  
  165  11:15  Hydralisk  
  169  11:22  Hydralisk x2  
  169  11:25  Hydralisk  
  175  11:34  Overlord x7  
  175  11:36  Overlord  
  175  11:38  Overlord  
  175  11:39  Overlord x2  
  173  11:42  Spire  
  173  11:44  Overlord  
  172  11:48  Hive  
  172  11:50  Overlord x2  
  172  11:58  Overlord  
  172  11:59  Overseer  
  172  12:05  Hydralisk x6  
  178  12:09  Overseer  
  178  12:12  Infestor  
  180  12:18  Spore Crawler  
  180  12:19  Spore Crawler  
  180  12:20  Spore Crawler  
  180  12:21  Spore Crawler x2  
  175  12:26  Hydralisk x5  
  183  12:49  Hydralisk x7  
  183  12:50  Hydralisk x2  
  189  13:17  Zerg Missile Weapons Level 2  
  189  13:20  Hatchery, Evolution Chamber  
  189  13:24  Viper x3  
  196  13:31  Hydralisk x2  
  184  13:56  Hydralisk  
  184  13:57  Hydralisk x8  
  184  13:59  Hatchery  
  183  14:12  Hydralisk x9  
  197  14:19  Zerg Ground Armor Level 1  
  195  14:29  Zerg Flyer Weapons Level 1  
  195  14:30  Glial Reconstitution  
  195  14:36  Hydralisk x2  
  194  14:48  Hydralisk x4  
  194  14:49  Hydralisk x6  
  182  15:13  Drone x10  
  188  15:36  Overseer  
  188  15:37  Extractor  
  188  15:38  Extractor  
  188  15:39  Zergling x22, Adrenal Glands  
  197  15:44  Burrow  
  197  15:57  Baneling Nest  
  197  15:58  Ultralisk Cavern  
  187  16:04  Hydralisk x4  
  187  16:05  Hydralisk x2  
  180  16:15  Spore Crawler  
  180  16:16  Spore Crawler x2  
  180  16:17  Spore Crawler  
  176  16:18  Spore Crawler  
  176  16:19  Spore Crawler x3  
  176  16:21  Spore Crawler x2  
  159  16:28  Hydralisk  
  159  16:29  Hydralisk x2  
  157  16:35  Hydralisk x3  
  157  16:38  Hydralisk  
  142  16:44  Hydralisk x2  
  130  16:50  Hydralisk  
  130  16:54  Hydralisk x2  
  122  16:57  Hydralisk  
  122  17:00  Hydralisk  
  110  17:01  Roach  
Tags
 
Add a new tag
Caveats
  • Supply blocks, unpowered buildings, or Contaminate may cause inaccurate times.
  • Supply counts are checked every 10 seconds.